NCAA
CALIFORNIA GOLDEN BEARS @ PURDUE BOILERMAKERS
05/19/2026
 
TOP OF THE 1ST
California Golden Bears batting - Pitching for Purdue Boilermakers : RHP Michael Lewis
Pitching: RHP Michael Lewis
Batting: LHB Ryan Rheaume 0-0: Called Strike
0-1: Swinging Strike
0-2: Foul Ball, location: 2F
0-2: Strikes out looking
Batting: RHB Ed Crockett 0-0: Called Strike
0-1: Swinging Strike
0-2: Ball
1-2: DOUBLE (Line Drive, 78M)
Batting: LHB Robbie Evison 0-0: Swinging Strike
0-1: Ball
1-1: Foul Ball, location: 2F
1-2: Ball
2-2: Foul Ball, location: 2F
2-2: Foul Ball, location: 2F
2-2: Ball
3-2: Strikes out looking
Batting: SHB Darrel Lang 0-0: Ball
1-0: Foul Ball, location: 2F
1-1: Foul Ball, location: 2F
1-2: Fly out, F9 (Flyball, 9M)
Top of the 1st over - 0 run(s), 1 hit(s), 0 error(s), 1 left on base; California 0 - Purdue 0
BOTTOM OF THE 1ST
Purdue Boilermakers batting - Pitching for California Golden Bears : RHP António Cruz
Pitching: RHP António Cruz
Batting: RHB Francisco Herrera 0-0: Foul Ball, location: 2F
0-1: Swinging Strike
0-2: Foul Ball, location: 2F
0-2: Ball
1-2: Ball
2-2: Ball
3-2: Base on Balls
Batting: SHB Joaquín Gilera 0-0: Ball
1-0: Foul Ball, location: 2F
1-1: Called Strike
1-2: Strikes out swinging
Batting: LHB Bryan Barnes 0-0: Hit by Pitch
Francisco Herrera to second
Batting: LHB Rodney Harrison 0-0: Ball
1-0: Called Strike
1-1: Ball
2-1: Ball
3-1: Called Strike
3-2: Foul Ball, location: 2F
3-2: Base on Balls
Francisco Herrera to third
Bryan Barnes to second
Batting: RHB Jorge Molina 0-0: Called Strike
0-1: Swinging Strike
0-2: Ball
1-2: Strikes out swinging
Batting: RHB Pete Davis 0-0: Ball
1-0: Reached on error, E4 (Groundball, 4)
Francisco Herrera scores
Bryan Barnes scores
Rodney Harrison to third
Batting: RHB Carlos Rosado 0-0: Called Strike
0-1: Called Strike
0-2: Strikes out looking
Bottom of the 1st over - 2 run(s), 0 hit(s), 1 error(s), 2 left on base; California 0 - Purdue 2
TOP OF THE 2ND
California Golden Bears batting - Pitching for Purdue Boilermakers : RHP Michael Lewis
Batting: RHB Francis Land 0-0: Fly out, F9 (Flyball, 89M)
Batting: RHB Sergio González 0-0: Ball
1-0: Swinging Strike
1-1: Called Strike
1-2: Strikes out swinging
Batting: RHB Chris Martínez 0-0: Ball
1-0: Swinging Strike
1-1: Ball
2-1: Foul Ball, location: 2F
2-2: Ball
3-2: Strikes out swinging
Top of the 2nd over - 0 run(s), 0 hit(s), 0 error(s), 0 left on base; California 0 - Purdue 2
BOTTOM OF THE 2ND
Purdue Boilermakers batting - Pitching for California Golden Bears : RHP António Cruz
Batting: RHB Jim MacAchounich 0-0: Called Strike
0-1: Swinging Strike
0-2: Ball
1-2: Ball
2-2: Ball
3-2: Foul Ball, location: 2F
3-2: Strikes out swinging
Batting: SHB Darren Campbell 0-0: Ball
1-0: Ground out U3 (Groundball, 3S)
Batting: RHB Francisco Herrera 0-0: Swinging Strike
0-1: Foul Ball, location: 2F
0-2: Ball
1-2: Ball
2-2: Ball
3-2: Ground out 5-3 (Groundball, 15S)
Bottom of the 2nd over - 0 run(s), 0 hit(s), 0 error(s), 0 left on base; California 0 - Purdue 2
TOP OF THE 3RD
California Golden Bears batting - Pitching for Purdue Boilermakers : RHP Michael Lewis
Batting: RHB William Knisley 0-0: Called Strike
0-1: Foul Ball, location: 2F
0-2: SINGLE (Groundball, 56D)
Batting: RHB Bob Cooper 0-0: Fly out, F7 (Flyball, 7LM)
Batting: LHB Ryan Rheaume 0-0: Swinging Strike
0-1: Called Strike
0-2: Ball
1-2: Strikes out looking
Batting: RHB Ed Crockett 0-0: Ball
1-0: Foul Ball, location: 2F
1-1: Swinging Strike
1-2: Ball
2-2: Strikes out swinging
Top of the 3rd over - 0 run(s), 1 hit(s), 0 error(s), 1 left on base; California 0 - Purdue 2
BOTTOM OF THE 3RD
Purdue Boilermakers batting - Pitching for California Golden Bears : RHP António Cruz
Batting: SHB Joaquín Gilera 0-0: Called Strike
0-1: Ground out 1-3 (Groundball, 13S)
Batting: LHB Bryan Barnes 0-0: Swinging Strike
0-1: Called Strike
0-2: Ball
1-2: Strikes out swinging
Batting: LHB Rodney Harrison 0-0: Ball
1-0: Ground out 6-3 (Groundball, 6M)
Bottom of the 3rd over - 0 run(s), 0 hit(s), 0 error(s), 0 left on base; California 0 - Purdue 2
TOP OF THE 4TH
California Golden Bears batting - Pitching for Purdue Boilermakers : RHP Michael Lewis
Batting: LHB Robbie Evison 0-0: Called Strike
0-1: Called Strike
0-2: Foul Ball, location: 2F
0-2: Strikes out looking
Batting: SHB Darrel Lang 0-0: Foul Ball, location: 2F
0-1: SINGLE (Line Drive, 56D)
Batting: RHB Francis Land 0-0: Ball
1-0: Called Strike
1-1: Ball
2-1: Ball
3-1: Base on Balls
Darrel Lang to second
Batting: RHB Sergio González 0-0: Called Strike
0-1: Ball
1-1: DOUBLE (Flyball, 78M)
Darrel Lang scores
Francis Land to third
Batting: RHB Chris Martínez 0-0: Ball
1-0: SINGLE (Line Drive, 8RS)
Francis Land scores
Sergio González to third
Runner from 3rd tries for Home, SAFE, throw made home
Chris Martínez to second
Batting: RHB William Knisley 0-0: Called Strike
0-1: Foul Ball, location: 2F
0-2: Ball
1-2: SINGLE (Groundball, 15) (infield hit)
Chris Martínez to third
Batting: RHB Bob Cooper 0-0: Swinging Strike
0-1: Ball
1-1: Ball
2-1: Called Strike
2-2: Grounds into double play, 4-6-3 (Groundball, 4)
Top of the 4th over - 3 run(s), 4 hit(s), 0 error(s), 1 left on base; California 3 - Purdue 2
BOTTOM OF THE 4TH
Purdue Boilermakers batting - Pitching for California Golden Bears : RHP António Cruz
Batting: RHB Jorge Molina 0-0: Ball
1-0: Called Strike
1-1: Ball
2-1: Called Strike
2-2: Foul Ball, location: 2F
2-2: Foul Ball, location: 2F
2-2: Ball
3-2: Base on Balls
Batting: RHB Pete Davis 0-0: Ball
1-0: Foul Ball, location: 2F
1-1: Fielders Choice at 2nd, 6-4 (Groundball, 6M)
Batting: RHB Carlos Rosado 0-0: Called Strike
Pete Davis is caught stealing 2nd base
0-1: Fly out, F9 (Flyball, 89S)
Bottom of the 4th over - 0 run(s), 0 hit(s), 0 error(s), 0 left on base; California 3 - Purdue 2
TOP OF THE 5TH
California Golden Bears batting - Pitching for Purdue Boilermakers : RHP Michael Lewis
Batting: LHB Ryan Rheaume 0-0: Called Strike
0-1: Ball
1-1: Ground out 4-3 (Groundball, 4)
Batting: RHB Ed Crockett 0-0: Ball
1-0: Foul Ball, location: 2F
1-1: Foul Ball, location: 2F
1-2: Foul Ball, location: 2F
1-2: Strikes out swinging
Batting: LHB Robbie Evison 0-0: Called Strike
0-1: Foul Ball, location: 2F
0-2: Ball
1-2: Strikes out swinging, 2-3 out at first.
Top of the 5th over - 0 run(s), 0 hit(s), 0 error(s), 0 left on base; California 3 - Purdue 2
BOTTOM OF THE 5TH
Purdue Boilermakers batting - Pitching for California Golden Bears : RHP António Cruz
Batting: RHB Jim MacAchounich 0-0: Ball
1-0: Ball
2-0: Ground out 4-3 (Groundball, 34)
Batting: SHB Darren Campbell 0-0: Called Strike
0-1: Swinging Strike
0-2: Strikes out swinging
Batting: RHB Francisco Herrera 0-0: Ball
1-0: Swinging Strike
1-1: Ball
2-1: Swinging Strike
2-2: SOLO HOME RUN (Line Drive, 9D), Distance : 376 ft
Batting: SHB Joaquín Gilera 0-0: Foul Ball, location: 2F
0-1: Foul Ball, location: 2F
0-2: Strikes out swinging
Bottom of the 5th over - 1 run(s), 1 hit(s), 0 error(s), 0 left on base; California 3 - Purdue 3
TOP OF THE 6TH
California Golden Bears batting - Pitching for Purdue Boilermakers : RHP Michael Lewis
Pitching: RHP Fernando Hernández
Batting: SHB Darrel Lang 0-0: Fly out, F8 (Flyball, 8RM)
Batting: RHB Francis Land 0-0: Ball
1-0: Fly out, F9 (Flyball, 9LM)
Batting: RHB Sergio González 0-0: Ball
1-0: SINGLE (Flyball, 8RM)
Batting: RHB Chris Martínez 0-0: Ball
1-0: Ball
2-0: Ball
3-0: Base on Balls
Sergio González to second
Batting: RHB William Knisley 0-0: Ball
1-0: Foul Ball, location: 2F
1-1: Fly out, F4 (Popup, 34)
Top of the 6th over - 0 run(s), 1 hit(s), 0 error(s), 2 left on base; California 3 - Purdue 3
BOTTOM OF THE 6TH
Purdue Boilermakers batting - Pitching for California Golden Bears : RHP António Cruz
Batting: LHB Bryan Barnes 0-0: Ball
1-0: Called Strike
1-1: Ball
2-1: SINGLE (Line Drive, 8LS)
Pitching: RHP Gregg Sullivan
Batting: LHB Rodney Harrison 0-0: SINGLE (Line Drive, 56D)
Bryan Barnes to second
Batting: RHB Jorge Molina 0-0: Fly out, F8 (Flyball, 8RD)
Runner from 2nd tags up, SAFE at 3rd, no throw
Batting: RHB Pete Davis 0-0: Ball
1-0: Fly out, F8 (Popup, 4MD)
Batting: RHB Carlos Rosado 0-0: Hit by Pitch
Rodney Harrison to second
Batting: RHB Jim MacAchounich 0-0: Called Strike
0-1: Reached on error, E5 (Groundball, 5)
Bryan Barnes scores
Rodney Harrison to third
Carlos Rosado to second
Batting: SHB Darren Campbell 0-0: DOUBLE (Line Drive, 9LS)
Rodney Harrison scores
Carlos Rosado scores
Jim MacAchounich to third
Runner from 3rd tries for Home, SAFE, no throw or cutoff
Batting: RHB Francisco Herrera 0-0: Called Strike
0-1: Ball
1-1: Called Strike
1-2: Foul Ball, location: 2F
1-2: Ball
2-2: Ball
3-2: SINGLE (Line Drive, 8LS)
Darren Campbell to third
Darren Campbell scores
Pitching: RHP Artie Hughes
Batting: SHB Joaquín Gilera 0-0: Ball
1-0: Foul Ball, location: 2F
1-1: Called Strike
1-2: Foul Ball, location: 2F
1-2: Ball
2-2: SINGLE (Flyball, 7LS)
Francisco Herrera to second
Francisco Herrera to third
Batting: LHB Bryan Barnes 0-0: SINGLE (Line Drive, 9LS)
Francisco Herrera scores
Joaquín Gilera to second
Batting: LHB Rodney Harrison 0-0: Called Strike
0-1: Ball
1-1: Fielders Choice at 2nd, U4 (Groundball, 4M)
Bottom of the 6th over - 6 run(s), 6 hit(s), 1 error(s), 2 left on base; California 3 - Purdue 9
TOP OF THE 7TH
California Golden Bears batting - Pitching for Purdue Boilermakers : RHP Fernando Hernández
Batting: RHB Bob Cooper 0-0: Ball
1-0: Ball
2-0: Called Strike
2-1: SOLO HOME RUN (Line Drive, 89XD), Distance : 409 ft
Batting: LHB Ryan Rheaume 0-0: Called Strike
0-1: Swinging Strike
0-2: Ground out 4-3 (Groundball, 4)
Batting: RHB Ed Crockett 0-0: Fly out, F7 (Flyball, 78S)
Batting: LHB Robbie Evison 0-0: Ball
1-0: Called Strike
1-1: Ball
2-1: Foul Ball, location: 2F
2-2: Ball
3-2: Base on Balls
Batting: SHB Darrel Lang 0-0: Ball
1-0: Foul Ball, location: 2F
1-1: Fly out, F7 (Flyball, 78M)
Top of the 7th over - 1 run(s), 1 hit(s), 0 error(s), 1 left on base; California 4 - Purdue 9
BOTTOM OF THE 7TH
Purdue Boilermakers batting - Pitching for California Golden Bears : RHP Artie Hughes
Batting: RHB Jorge Molina 0-0: Ball
1-0: Ball
2-0: Ball
3-0: Called Strike
3-1: Called Strike
3-2: Strikes out swinging
Batting: RHB Pete Davis 0-0: Ball
1-0: Ball
2-0: Ball
3-0: Base on Balls
Batting: RHB Carlos Rosado 0-0: Called Strike
0-1: Foul Ball, location: 2F
0-2: Ball
1-2: Foul Ball, location: 2F
1-2: Ball
2-2: Foul Ball, location: 2F
2-2: Strikes out swinging
Batting: RHB Jim MacAchounich 0-0: Called Strike
0-1: Ball
1-1: Foul Ball, location: 2F
1-2: Ground out 4-3 (Groundball, 4MS)
Bottom of the 7th over - 0 run(s), 0 hit(s), 0 error(s), 1 left on base; California 4 - Purdue 9
TOP OF THE 8TH
California Golden Bears batting - Pitching for Purdue Boilermakers : RHP Fernando Hernández
Pitching: RHP Dave Wilson
Batting: RHB Francis Land 0-0: Ball
1-0: Called Strike
1-1: Foul Ball, location: 2F
1-2: Ball
2-2: Foul Ball, location: 2F
2-2: Ball
3-2: SINGLE (Flyball, 89S)
Batting: RHB Sergio González 0-0: Ball
1-0: Called Strike
1-1: Foul Ball, location: 2F
1-2: Strikes out swinging
Batting: RHB Chris Martínez 0-0: DOUBLE (Flyball, 78M)
Francis Land to third
Batting: RHB William Knisley 0-0: Swinging Strike
0-1: Foul Ball, location: 2F
0-2: Ball
1-2: Ball
2-2: Fly out, F7 (Flyball, 78M)
Runner from 3rd tags up, SCORES, throw made
Batting: RHB Bob Cooper 0-0: Ball
1-0: Ball
2-0: Ground out 6-3 (Groundball, 6)
Top of the 8th over - 1 run(s), 2 hit(s), 0 error(s), 1 left on base; California 5 - Purdue 9
BOTTOM OF THE 8TH
Purdue Boilermakers batting - Pitching for California Golden Bears : RHP Artie Hughes
Batting: SHB Darren Campbell 0-0: Called Strike
0-1: Ball
1-1: Swinging Strike
1-2: Strikes out swinging
Batting: RHB Francisco Herrera 0-0: Ball
1-0: Swinging Strike
1-1: Fly out, F6 (Popup, 6MD)
Batting: SHB Joaquín Gilera 0-0: Called Strike
0-1: Ball
1-1: Swinging Strike
1-2: Ball
2-2: Ball
3-2: Strikes out swinging
Bottom of the 8th over - 0 run(s), 0 hit(s), 0 error(s), 0 left on base; California 5 - Purdue 9
TOP OF THE 9TH
California Golden Bears batting - Pitching for Purdue Boilermakers : RHP Dave Wilson
Batting: LHB Ryan Rheaume 0-0: Called Strike
0-1: Fly out, F5 (Popup, 56)
Batting: RHB Ed Crockett 0-0: Called Strike
0-1: Called Strike
0-2: Strikes out swinging
Batting: LHB Robbie Evison 0-0: Foul Ball, location: 2F
0-1: Foul Ball, location: 2F
0-2: Foul Ball, location: 2F
0-2: Ball
1-2: Foul Ball, location: 2F
1-2: Ball
2-2: Ball
3-2: Foul Ball, location: 2F
3-2: Foul Ball, location: 2F
3-2: Foul Ball, location: 2F
3-2: Foul Ball, location: 2F
3-2: Foul Ball, location: 2F
3-2: Foul Ball, location: 2F
3-2: SINGLE (Line Drive, 8RS)
Batting: SHB Darrel Lang 0-0: Called Strike
0-1: Foul Ball, location: 2F
0-2: SINGLE (Line Drive, 4MD)
Robbie Evison to second
Pitching: RHP Pablo Rodríguez
Batting: RHB Francis Land 0-0: Ball
1-0: Ball
2-0: Ball
3-0: Called Strike
3-1: Base on Balls
Robbie Evison to third
Darrel Lang to second
Batting: RHB Sergio González 0-0: Swinging Strike
0-1: Swinging Strike
0-2: Ball
1-2: Ball
2-2: Foul Ball, location: 2F
2-2: Ball
3-2: Foul Ball, location: 2F
3-2: SINGLE (Groundball, 56D)
Robbie Evison scores
Darrel Lang to third
Francis Land to second
Darrel Lang scores
Francis Land to third
Batting: RHB Chris Martínez 0-0: Called Strike
0-1: Ball
1-1: Ball
2-1: Swinging Strike
2-2: Strikes out looking
Top of the 9th over - 2 run(s), 3 hit(s), 0 error(s), 2 left on base; California 7 - Purdue 9
Monday, December 5th, 2016 - OOTP Baseball 17.12 Build 75